 Dungeon Crawl Stone Soup version 0.29.1-1-gd02db6906a (webtiles) character file.

Game seed: 156267356311377987

30 Demigod47 the Trooper (level 3, -3/33 HPs)
             Began as a Minotaur Fighter on Oct 9, 2022.
             Slain by an orc
             ... wielding a +0 whip
              (5 damage)
             ... on level 2 of the Dungeon.
             The game lasted 00:01:41 (1156 turns).

Demigod47 the Trooper (Minotaur Fighter)            Turns: 1156, Time: 00:01:42

Health: -3/33      AC:  7    Str: 22    XL:     3   Next: 5%
Magic:  2/2        EV:  9    Int:  5    God:
Gold:   43         SH:  4    Dex:  9    Spells: 2/2 levels left

rFire   . . .      SeeInvis .   a - +0 flail
rCold   . . .      Faith    .   c - +0 buckler
rNeg    . . .      Spirit   .   b - +0 scale mail
rPois   .          Reflect  .   (helmet restricted)
rElec   .          Harm     .   (no cloak)
rCorr   .          Rampage  .   (no gloves)
Will    .....                   (no boots)
Stlth   ..........              (no amulet)
HPRegen 0.11/turn               (no ring)
MPRegen 0.08/turn               (no ring)

@: no status effects
A: horns 2, retaliatory headbutt
a: no special abilities


You were on level 2 of the Dungeon.
You visited 1 branch of the dungeon, and saw 3 of its levels.

You collected 43 gold pieces.

Inventory:

Hand Weapons
 a - a +0 flail (weapon)
Armour
 b - a +0 scale mail (worn)
 c - a +0 buckler (worn)
Scrolls
 g - a scroll of enchant weapon {unknown}
 h - a scroll of teleportation {unknown}
 i - 2 scrolls of identify {unknown}
 j - a scroll of magic mapping {unknown}
 k - a scroll of fog {unknown}
Potions
 d - a potion of might
 e - a potion of lignification {unknown}
 f - 2 potions of degeneration {unknown}


   Skills:
 + Level 4.1 Fighting
 + Level 3.0 Maces & Flails
 + Level 4.1 Armour
 + Level 4.0 Shields


You had 2 spell levels left.
You didn't know any spells.
Your spell library was empty.

Dungeon Overview and Level Annotations

Branches:
Dungeon (3/15)

Altars:


Innate Abilities, Weirdness & Mutations

You have a pair of horns on your head.
You reflexively headbutt those who attack you in melee.


Message History

a +0 club; a goblin corpse The orc throws a boomerang.
You block the boomerang. The orc hits you but does no damage.
You hit the orc but do no damage. You headbutt the orc, but do no damage.
The orc hits you with a +0 hand axe.
You barely miss the orc. You block the orc's attack.
You barely miss the orc. The orc hits you with a +0 hand axe.
* * * LOW HITPOINT WARNING * * *
You block the orc's attack.
You barely miss the orc. The orc closely misses you.
You sock the orc!
You kill the orc!
The dart slug launches a dart at you.
The slug dart hits you but does no damage.
Your Maces & Flails skill increases to level 3!
The dart slug bites you.
* * * LOW HITPOINT WARNING * * *
Items here: ( ) [ †.
You sock the dart slug!
The dart slug is severely wounded.
The dart slug launches a dart at you.
The slug dart hits you but does no damage.
You hit the dart slug but do no damage. You headbutt the dart slug.
The dart slug is almost dead.
You hit the dart slug.
You kill the dart slug!
You have reached level 3!
Your experience leads to an increase in your attributes!
Increase (S)trength, (I)ntelligence, or (D)exterity?
You feel stronger. x2
An orc is nearby!
The orc shouts!
You hear a shout! x2
An orc priest comes into view. It is wielding a +0 hand axe.
You block the orc's attack.
You closely miss the orc.
The orc priest invokes the aid of Beogh against you.
Beogh smites you!
* * * LOW HITPOINT WARNING * * *
The orc hits you with a +0 whip.
You die...

...# #### . .
.. .. .. ###.
#.####### ...
#.#.......##.#
.....oo@#.#..#
####.##.#†.>#
#..).## #..#.#
#...(#
.##.##.)).#
wo./..†...#
o#.#$#..$...#
###.#.##...#


You could see an orc priest and an orc.

Vanquished Creatures
  2 dart slugs
  An orc (D:2)
  2 bats
  An endoplasm (D:1)
  2 giant cockroaches (D:1)
  3 goblins
  3 hobgoblins
  A quokka (D:1)
  4 ball pythons
  A frilled lizard (D:1)
  3 kobolds
23 creatures vanquished.

Notes
Turn   | Place    | Note
-------+----------+-------------------------------------------
     0 | D:1      | Demigod47 the Minotaur Fighter began the quest for the Orb.
     0 | D:1      | Reached XP level 1. HP: 19/19 MP: 0/0
   466 | D:1      | Reached XP level 2. HP: 27/27 MP: 1/1
  1088 | D:2      | You fall into a shaft and drop 1 floor!
  1132 | D:2      | Reached XP level 3. HP: 8/33 MP: 2/2
  1156 | D:2      | Slain by an orc

Illustrated notes

Levels and vault maps discovered:
D:1:      amcnicky_arrival_choice, layout_basic
D:2:      layout_rooms, minmay_octomino_e4, uniq_sigmund
D:3:      minmay_general_purpose_star, layout_basic,
          gammafunk_temple_overflow_wave, serial_park_tiny_2, uniq_natasha

Skill      XL: |  1  2 |
---------------+-------+-----
Fighting       | 4 |  4.1
Shields        | 4 |  4.0
Armour         | 4 |  4.1
Maces & Flails | 3 |  3.0

Action                   || total
-------------------------++-------
Melee: Flail             ||    50
       Headbutt          ||     5
Armor: Scale mail        ||    26
Dodge: Dodged            ||    24
Block: Buckler           ||    13
